 Dungeon Crawl Stone Soup version 0.31-a0-182-gc5ef74bbde (webtiles) character file.

Game seed: 930123933395457749

495 qw the Chopper (level 7, -1/43 HPs)
             Began as a Gargoyle Fighter on June 20, 2023.
             Slain by a lemure (5 damage)
             ... led by Pikel
             ... on level 4 of the Dungeon.
             The game lasted 00:01:15 (2329 turns).

qw the Chopper (Gargoyle Fighter)                   Turns: 2329, Time: 00:01:15

Health: -1/43      AC: 11    Str: 21    XL:     7   Next: 15%
Magic:  7/7        EV:  9    Int:  9    God:
Gold:   147        SH:  4    Dex:  9    Spells: 6/6 levels left

rFire   . . .        Y - +0 war axe
rCold   . . .        c - +0 buckler
rNeg    + . .        b - +0 scale mail
rPois   inf          (no helmet)
rElec   +            (no cloak)
rCorr   .            (no gloves)
SInv    .            (no boots)
Will    .....        a - amulet of regeneration Stlth
                     (no ring)
HPRegen 1.07/turn    (no ring)
MPRegen 0.10/turn

%: no passive effects
@: about to teleport
A: sickness immunity, AC +4, negative energy resistance 1, electricity
resistance, torment resistance 1, petrification resistance
a: no special abilities


You were on level 4 of the Dungeon.
You visited 1 branch of the dungeon, and saw 4 of its levels.

You collected 147 gold pieces.


Innate Abilities, Weirdness & Mutations

You are immune to sickness and miasma.
Your stone body is resilient. (AC +4)
You are immune to poison.
You resist negative energy. (rN+)
You are resistant to electric shocks. (rElec)
You are resistant to unholy torment.
You are immune to petrification.


   Skills:
 - Level 4.3 Fighting
 - Level 5.0 Axes
 - Level 3.7 Throwing
 - Level 3.2 Armour
 + Level 0.0 Dodging
 - Level 3.2 Shields


You had 6 spell levels left.
You didn't know any spells.
Your spell library was empty.

Inventory:

Hand Weapons
 k - a +2 flail of protection
 Y - a +0 war axe (weapon)
Missiles
 f - 5 boomerangs
 i - a javelin
 o - 3 silver boomerangs (quivered)
Armour
 b - a +0 scale mail (worn)
 c - a +0 buckler (worn)
Jewellery
 a - an amulet of regeneration (around neck)
 g - a ring of fire
 l - a +6 ring of strength
Scrolls
 e - 2 scrolls of identify
 h - 3 scrolls of teleportation
 m - a scroll of enchant armour
 q - 2 scrolls of blinking {unknown}
Potions
 d - a potion of might
 j - 2 potions of lignification
 n - a potion of enlightenment {unknown}
 p - 2 potions of curing {unknown}

Dungeon Overview and Level Annotations

Branches:
Dungeon (4/15)
 Temple: D:4-7

Altars:
Zin

Annotations:
D:4 Pikel


Message History

You miss the lemure. You barely miss something. The jackal barely misses you.
Pikel says, "I'm sure the Orcish Mines are around here somewhere..."
Pikel hits you with a +1 whip of freezing.
Pikel freezes you.
The kobold brigand hits you but does no damage.
Something hits you but does no damage. The lemure hits you.
The jackal closely misses you.
You slash the kobold brigand!
You kill the kobold brigand!
You hit the lemure but do no damage. You barely miss something.
You barely miss the orc. You hit the orc. You slash the jackal!
You kill the jackal!
You hit Pikel but do no damage. Pikel hits you but does no damage.
The orc barely misses you. The lemure barely misses you.
You block the orc's attack.
You hear some strange, mumbled words.
Something tries to affect you, but you resist.
The jackal barely misses you. The orc barely misses you.
You block something's attack. The lemure hits you.
Pikel cracks his whip.
You block Pikel's attack.
Your Fighting skill increases to level 4!
You have reached level 7!
You barely miss the orc.
The orc is almost dead.
You hit the orc. You hit something but do no damage.
You closely miss the lemure. You hit the lemure but do no damage.
You closely miss the jackal. You completely miss Pikel. You hit the lemure.
The jackal bites you. The lemure closely misses you.
You hear some strange, mumbled words.
A magic dart appears from out of thin air!
The magic dart hits you! The orc hits you but does no damage.
The orc closely misses you. Pikel hits you but does no damage.
The lemure hits you but does no damage. The jackal barely misses you.
2329 ||| READING 4 scrolls of teleportation.
As you read the scroll of teleportation, it crumbles to dust.
You feel strangely unstable. The jackal bites you. The lemure hits you.
You die...

#### # .. ##### # ...
#...# #
...############...# #
..................# ###
..................# #..
#......5..........####..
#.....ho5######.........
#.....K@5# #......%..
#...(.5{o# #.......)#
#........# #........#
#......... #........#
#......#### #........#
#.###.. ..........# #
... ###.######## ....
..#


You could see Pikel, 4 lemures, 2 orcs and a jackal.

Vanquished Creatures
  Sigmund (D:3)
  A kobold brigand (D:4)
  A scorpion (D:4)
  An iguana (D:4)
  A sleepcap (D:4)
  Terence (D:2)
  6 adders
  A dart slug (D:3)
  4 orcs
  8 bats
  7 endoplasms
  2 giant cockroaches
  5 goblins
  7 hobgoblins
  A jackal (D:4)
  2 kobolds
  3 quokkas
  6 ball pythons
  8 frilled lizards
  5 rats
71 creatures vanquished.

Notes
Turn   | Place    | Note
-------+----------+-------------------------------------------
     0 | D:1      | qw the Gargoyle Fighter began the quest for the Orb.
     0 | D:1      | Reached XP level 1. HP: 14/14 MP: 1/1
     0 | D:1      | 0 ||| qw: Version: 0.3-a-9-g12657ce
     0 | D:1      | 0 ||| qw: Game counter: 1433
     0 | D:1      | 0 ||| qw: Always use a shield: true
     0 | D:1      | 0 ||| qw: God list: Okawaru
     0 | D:1      | 0 ||| qw: Allow faded altars: false
     0 | D:1      | 0 ||| qw: Do Orc after D:15 true
     0 | D:1      | 0 ||| qw: Do second Lair branch before Depths: true
     0 | D:1      | 0 ||| qw: Lair rune preference: random
     0 | D:1      | 0 ||| qw: Plans: Normal, Zot:1-4, Slime:5, God:TSO, Crypt,
                  | Tomb, Abyss, Pan, Hells, Win
     0 | D:1      | 0 ||| PLANNING D:1-11
    20 | D:1      | Reached skill level 2 in Axes
   110 | D:1      | Reached XP level 2. HP: 19/19 MP: 2/2
   583 | D:1      | 583 ||| READING scroll labelled EZE VOLOILIKLOR.
   594 | D:1      | 594 ||| READING scroll labelled IGAV SOVVAODE.
   595 | D:1      | 595 ||| READING scroll labelled QESUIZ LENUOK.
   661 | D:2      | Reached skill level 3 in Axes
   685 | D:2      | Noticed Terence
   699 | D:2      | Reached XP level 3. HP: 12/23 MP: 3/3
   702 | D:2      | Killed Terence
   847 | D:2      | 847 ||| Stepping ~*~*~tactically~*~*~ (stealth).
   924 | D:2      | 924 ||| Stepping ~*~*~tactically~*~*~ (stealth).
   939 | D:2      | Reached XP level 4. HP: 28/28 MP: 4/4
  1073 | D:2      | 1073 ||| Stepping ~*~*~tactically~*~*~ (stealth).
  1160 | D:2      | 1160 ||| DRINKING 2 metallic pink potions.
  1182 | D:3      | Noticed Sigmund
  1192 | D:3      | HP: 6/28 [something (5)]
  1193 | D:3      | 1193 ||| DRINKING potion of heal wounds.
  1212 | D:3      | HP: 7/28 [Sigmund/+0 scythe (6)]
  1218 | D:3      | Killed Sigmund
  1219 | D:3      | Reached skill level 3 in Throwing
  1219 | D:3      | Reached XP level 5. HP: 10/32 MP: 5/5
  1219 | D:3      | Reached XP level 6. HP: 12/37 MP: 6/6
  1222 | D:3      | Identified the +6 dagger of the Moon {holy, rPois rF+ SInv
                  | Stlth+}
  1223 | D:3      | 1223 ||| FLEEEEING.
  1224 | D:3      | 1224 ||| STAIRDANCE
  1338 | D:3      | 1338 ||| Stepping ~*~*~tactically~*~*~ (stealth).
  1340 | D:3      | 1340 ||| Stepping ~*~*~tactically~*~*~ (hiding).
  1355 | D:3      | Reached skill level 4 in Axes
  1388 | D:3      | 1388 ||| DROPPING +0 mace of protection.
  1681 | D:3      | 1681 ||| Stepping ~*~*~tactically~*~*~ (stealth).
  1682 | D:3      | 1682 ||| Stepping ~*~*~tactically~*~*~ (stealth).
  1688 | D:3      | 1688 ||| Stepping ~*~*~tactically~*~*~ (stealth).
  1697 | D:3      | Found a faded altar of an unknown god.
  1853 | D:3      | Found a glowing silver altar of Zin.
  1858 | D:3      | 1858 ||| UPGRADING to amulet of regeneration.
  1863 | D:3      | 1863 ||| READING 3 scrolls labelled VUNGEQ OMAD.
  1867 | D:3      | 1867 ||| READING scroll labelled GAIMOCK UDGHIME.
  1868 | D:3      | 1868 ||| DRINKING 3 murky black potions.
  2288 | D:4      | Reached skill level 5 in Axes
  2293 | D:4      | 2293 ||| Stepping ~*~*~tactically~*~*~ (stealth).
  2318 | D:4      | Noticed Pikel
  2328 | D:4      | Reached XP level 7. HP: 14/43 MP: 7/7
  2328 | D:4      | HP: 6/43 [something/magic dart (8)]
  2329 | D:4      | 2329 ||| READING 4 scrolls of teleportation.
  2329 | D:4      | Slain by a lemure

Levels and vault maps discovered:
D:1:      minmay_arrival_semitransparent, layout_loops_ring
D:2:      layout_rooms, uniq_terence
D:3:      layout_rooms, mainiacjoe_overflow_tiny_flanked,
          nicolae_ecumenical_snake_handling, minmay_misc_feat_chi,
          minmay_starry_boxes, uniq_sigmund
D:4:      layout_basic, uniq_pikel

Skill      XL: |  1  2  3  4  5  6 |
---------------+-------------------+-----
Axes           | 2 3 5 |  5.0
Throwing       | 3 |  3.7
Fighting       | 4 |  4.3
Armour         | |  3.2
Shields        | |  3.2

Action                     |  1- 3 |  4- 6 |  7- 9 || total
---------------------------+-------+-------+-------++-------
  Melee: War axe           |    76 |   110 |     1 ||   187
  Throw: Javelin           |     6 |    15 |       ||    21
         Boomerang         |     5 |    30 |       ||    35
    Use: Scroll            |     3 |     2 |     1 ||     6
         Potion            |       |     3 |       ||     3
 Armour: Scale mail        |    34 |    63 |     3 ||   100
  Dodge: Dodged            |    41 |    59 |     3 ||   103
  Block: Buckler           |    15 |    15 |       ||    30

Table legend:
 A = Non-vault XP
 B = Vault XP
 C = Vault XP percentage of total XP
 D = Non-vault monster count
 E = Vault monster count
 F = Vault count percentage of total count
                 A         B        C        D         E       F
            +---------+---------+-------+---------+---------+-------
      Total |     374 |     334 |  47.2 |      56 |      15 |  21.1
            +---------+---------+-------+---------+---------+-------
        D:1 |      25 |       0 |   0.0 |      16 |       0 |   0.0
        D:2 |      36 |      36 |  50.0 |      21 |       1 |   4.5
        D:3 |      31 |     298 |  90.6 |      10 |      14 |  58.3
        D:4 |     282 |       0 |   0.0 |       9 |       0 |   0.0
            +---------+---------+-------+---------+---------+-------
